 Dungeon Crawl Stone Soup version 0.25.0-10-g039870ee82 (webtiles) character file.

Game seed: 13481292251498237974

32050 Elvor the Cleaver (level 13, -3/124 HPs)
             Began as a Deep Dwarf Fighter on June 23, 2020.
             Was an Elder of Elyvilon.
             Slain by a six-headed hydra (8 damage)
             ... on level 5 of the Lair of Beasts.
             The game lasted 02:32:10 (12818 turns).

Elvor the Cleaver (Deep Dwarf Fighter)             Turns: 12818, Time: 02:32:11

Health: -3/124     AC: 18    Str: 32    XL:     13   Next: 29%
Magic:  15/15      EV:  7    Int: 12    God:    Elyvilon [****..]
Gold:   1425       SH: 26    Dex: 14    Spells: 12/12 levels left

rFire    + . .     SeeInvis +   R - +1 scimitar (flame)
rCold    + . .     Gourm    .   w - +0 tower shield
rNeg     . . .     Faith    .   u - +0 plate armour
rPois    .         Spirit   .   (no helmet)
rElec    .         Reflect  +   q - +0 cloak
rCorr    .         Harm     .   M - +1 pair of gloves of Kikubaaqudgha's Esteem {Int+5 SInv}
MR       ++...                  (no boots)
Stlth    ..........             B - amulet of reflection
HPRegen  0.00/turn              A - ring "Mithron" {rF+ rC+ Str+9 Int-4 Dex+2}
MPRegen  0.14/turn              v - ring of protection from magic

@: lethally poisoned (-3 -> -3), about to teleport, flying, non-regenerating
A: damage resistance, heal wounds, sense surroundings 2, no regeneration
a: Heal Wounds, Lesser Healing, Heal Other, Purification, Greater Healing,
Divine Protection, Renounce Religion


You were on level 5 of the Lair of Beasts.
You worshipped Elyvilon.
Elyvilon was greatly pleased with you.
You were not hungry.

You visited 4 branches of the dungeon, and saw 17 of its levels.

You collected 1569 gold pieces.
You spent 144 gold pieces at shops.

Inventory:

Hand Weapons
 a - a +2 war axe of venom
 k - a +2 hand axe of electrocution
 R - a +1 scimitar of flaming (weapon)
Missiles
 H - 11 boomerangs (quivered)
 T - 13 poisoned darts
Armour
 m - +0 steam dragon scales
 q - a +0 cloak (worn)
 u - a +0 plate armour (worn)
 w - a +0 tower shield (worn)
 M - the +1 pair of gloves of Kikubaaqudgha's Esteem (worn) {Int+5 SInv}
   (You found it on level 9 of the Dungeon)

   It affects your intelligence (+5).
   It lets you see invisible.
Jewellery
 o - an uncursed ring of positive energy
 p - an uncursed ring of fire
 v - a ring of protection from magic (right hand)
 A - the ring "Mithron" (left hand) {rF+ rC+ Str+9 Int-4 Dex+2}
   (You bought it in a shop on level 5 of the Dungeon)

   [ring of protection from cold]

   It affects your strength (+9).
   It affects your intelligence (-4).
   It affects your dexterity (+2).
   It protects you from fire.
   It protects you from cold.
 B - an amulet of reflection (around neck)
 O - an uncursed ring of see invisible
 S - an uncursed amulet of magic regeneration
Wands
 L - a wand of iceblast (7)
 P - a wand of flame (37)
 Q - a wand of digging (8)
 X - a wand of acid (5)
 Y - a wand of polymorph (8)
Scrolls
 b - 2 scrolls of immolation {unknown}
 h - 4 scrolls of enchant weapon
 l - a scroll of magic mapping {unknown}
 s - 8 scrolls of remove curse
 y - 2 scrolls of brand weapon {unknown}
 C - 4 scrolls of amnesia {unknown}
 E - a scroll of fear {unknown}
 G - 6 scrolls of teleportation
 I - 3 scrolls of blinking {unknown}
 N - 2 scrolls of fog {unknown}
 U - 2 scrolls of enchant armour {unknown}
 V - a scroll of summoning {unknown}
 W - a scroll of torment {unknown}
Potions
 d - a potion of might
 e - a potion of curing
 g - 2 potions of mutation
 i - a potion of ambrosia {unknown}
 j - 5 potions of flight
 n - 4 potions of berserk rage
 r - a potion of invisibility {unknown}
 t - 4 potions of resistance
 x - 2 potions of magic
 z - 2 potions of stabbing {unknown}
 D - 3 potions of lignification
 K - 2 potions of brilliance {unknown}
Miscellaneous
 F - a lightning rod (4/4)
Comestibles
 c - 5 chunks of flesh
 f - 28 rations


   Skills:
 * Level 10.4 Fighting
 + Level 2.7 Long Blades
 + Level 13.8 Axes
 + Level 1.4 Throwing
 + Level 9.4 Armour
 + Level 2.5 Dodging
 + Level 1.6 Stealth
 + Level 13.2 Shields
 + Level 4.4 Invocations
 + Level 0.6 Evocations


You had 12 spell levels left.
You didn't know any spells.
Your spell library contained the following spells:

 Spells                   Type           Power        Failure   Level  Hunger
 Corona                   Hex            #......      100%        1    ##.....
 Foxfire                  Conj/Fire      #...         100%        1    ##.....
 Freeze                   Ice            #...         100%        1    ##.....
 Ensorcelled Hibernation  Hex/Ice        #.....       100%        2    ###....
 Confusing Touch          Hex            #.......     100%        3    ####...
 Conjure Flame            Conj/Fire      #.......     100%        3    ####...
 Dazzling Flash           Conj/Hex       #.....       100%        3    ####...
 Frozen Ramparts          Ice            #.....       100%        3    ####...
 Inner Flame              Hex/Fire       #.......     100%        3    ####...
 Ozocubu's Armour         Chrm/Ice       #.......     100%        3    ####...
 Tukima's Dance           Hex            #.......     100%        3    ####...
 Hailstorm                Conj/Ice       #.......     100%        4    #####..
 Sticky Flame             Conj/Fire      #.......     100%        4    #####..
 Summon Ice Beast         Ice/Summ       #.......     100%        4    #####..
 Fireball                 Conj/Fire      #.........   100%        5    ######.


Dungeon Overview and Level Annotations

Branches:
Dungeon (10/15)            Temple (1/1) D:6            Lair (5/6) D:10
  Swamp (1/4) Lair:2        Snake (0/4) Lair:3          Orc (0/2) D:9
  Slime: Lair:5-6

Altars:
Ashenzari
Cheibriados
Dithmenos
Elyvilon
Fedhas
Gozag
Hepliaklqana
Kikubaaqudgha
Makhleb
Nemelex Xobeh
Okawaru
Qazlal
Ru
Sif Muna
Trog
Uskayaw
Vehumet
Wu Jian
Xom
Yredelemnul
Zin
The Shining One

Shops:
D:4 (   D:5 *   D:7 [   D:10 (


Innate Abilities, Weirdness & Mutations

You are resistant to damage.
You can heal yourself by infusing magical energy.
You passively map the area around you.
You do not regenerate.


Message History

The meliai stings you!
* * * LOW HITPOINT WARNING * * *
You are poisoned.
The meliai poisons you!
The killer bee rages. x2
You block the killer bee's attack. x2; The meliai hits you with a +0 hand axe!
* * * LOW HITPOINT WARNING * * *
The meliai stings you.
* * * LOW HITPOINT WARNING * * *
The seven-headed hydra bites you but does no damage.
The seven-headed hydra closely misses you.
The seven-headed hydra bites you.
The seven-headed hydra bites you but does no damage.
The seven-headed hydra bites you.
* * * LOW HITPOINT WARNING * * *
The seven-headed hydra bites you but does no damage.
You block the seven-headed hydra's attack.
You block the six-headed hydra's attack.
The six-headed hydra bites you!
You die...

*......k..#.≈≈≈≈≈≈≈≈≈...##....#.
,,.#....#..#..≈≈≈≈≈≈≈≈P..##.#...#
* .......##†.P≈≈≈≈≈≈≈≈...........
........†.y.≈≈≈≈≈≈≈≈≈..........
...≈.≈.≈†.k≈≈≈≈≈##≈≈.........†÷ *
#≈≈≈≈≈≈≈≈≈≈≈≈≈≈≈##≈≈####....... *
#≈≈≈≈≈≈≈≈≈≈≈yyS≈≈≈≈###........†
#≈≈≈≈##≈≈≈≈≈yyDy≈≈≈##..........
#≈≈≈≈##≈≈≈≈≈yD@.≈≈≈###......... *
#≈≈≈≈≈≈≈≈≈≈##yy≈≈≈≈≈##......... *
#≈≈≈≈≈≈≈≈≈≈##≈≈≈≈≈≈≈#..........
###≈≈≈≈≈≈≈≈≈≈≈≈≈≈≈≈≈###..........
#.#≈≈≈≈≈≈≈≈≈≈≈≈###≈###...........
#.≈.≈.P.≈...≈.## ###.#.........P
.......)......######.#...........
#.............#.................#
##.#...#.##.).#..................


You could see a seven-headed hydra, a six-headed hydra, a lindwurm, a queen bee,
a water moccasin, a meliai (berserk) and 7 killer bees.

Vanquished Creatures
  6 hydras
  Erica (D:8)
  A two-headed ogre (D:9)
  A centaur warrior (D:9)
  Pikel (D:8)
  An orange crystal statue (Lair:1)
  4 oklob plants
  2 ugly things
  An elephant (D:10)
  Maurice (D:8)
  A torpor snail (Lair:3)
  5 spiny frogs
  An efreet (D:9)
  2 rime drakes (Lair:5)
  3 komodo dragons
  2 meliai (Lair:5)
  A troll (D:9)
  2 polar bears
  Prince Ribbit (D:9)
  7 blink frogs
  A hornet (D:8)
  8 hippogriffs
  Sigmund (D:4)
  21 yaks
  2 wyverns (Lair:5)
  A redback (D:9)
  A steam dragon (Lair:1)
  5 basilisks
  A vampire (D:9)
  Grum (D:8)
  A vampire mosquito (D:8)
  2 hungry ghosts
  3 nagas (Lair:3)
  8 water moccasins
  6 porcupines
  A sky beast (D:10)
  3 ice beasts
  3 slaves (D:8)
  5 orc warriors
  3 phantoms
  2 necrophages
  8 ogres
  4 centaurs
  7 wolves
  5 crocodiles
  2 big kobolds
  8 bullfrogs
  A gnoll sergeant (D:8)
  2 scorpions
  36 killer bees
  5 wights (D:9)
  2 electric eels (Lair:1)
  3 vampire bats (Lair:2)
  A howler monkey (D:9)
  3 crimson imps
  2 bullfrog zombies
  A centaur zombie (D:5)
  3 lava snakes (Lair:1)
  A quasit (D:10)
  2 bullfrog skeletons
  A centaur skeleton (D:4)
  5 hounds
  5 orc priests
  12 orc wizards
  Jessica (D:2)
  Terence (D:2)
  7 iguanas
  8 worker ants
  A killer bee zombie (D:5)
  A hound zombie (D:8)
  A hound skeleton (D:9)
  16 adders
  5 gnolls (D:8)
  4 oozes
  An adder zombie (D:5)
  2 worms
  3 dart slugs
  4 leopard geckos
  27 orcs
  5 giant cockroaches
  8 goblins
  13 hobgoblins
  6 jackals
  19 kobolds
  A quokka (D:9)
  18 bats
  9 frilled lizards
  A leopard gecko skeleton (D:9)
  8 rats
  A butterfly (Lair:3)
  4 fungi
  6 plants
423 creatures vanquished.

Vanquished Creatures (others)
  A bush (D:9)
  A fungus (Lair:5)
  3 plants
5 creatures vanquished.

Grand Total: 428 creatures vanquished

Notes
Turn   | Place    | Note
-------+----------+-------------------------------------------
     0 | D:1      | Elvor the Deep Dwarf Fighter began the quest for the Orb.
     0 | D:1      | Reached XP level 1. HP: 20/20 MP: 1/1
    45 | D:1      | Reached XP level 2. HP: 21/27 MP: 2/2
   275 | D:1      | Reached XP level 3. HP: 22/34 MP: 3/3
   738 | D:2      | Noticed Jessica
   754 | D:2      | Killed Jessica
   754 | D:2      | Reached skill level 1 in Dodging
   754 | D:2      | Reached XP level 4. HP: 22/42 MP: 4/4
   871 | D:2      | Noticed Terence
   895 | D:2      | Killed Terence
  1083 | D:3      | Found a snail-covered altar of Cheibriados.
  1131 | D:3      | Reached XP level 5. HP: 46/49 MP: 5/5
  1643 | D:4      | Found a blossoming altar of Fedhas.
  1682 | D:4      | Noticed an ogre
  1701 | D:4      | Killed an ogre
  1701 | D:4      | Reached skill level 5 in Axes
  1701 | D:4      | Reached XP level 6. HP: 33/56 MP: 6/6
  1944 | D:4      | Noticed Sigmund
  1992 | D:4      | Killed Sigmund
  1992 | D:4      | Reached skill level 5 in Armour
  1992 | D:4      | Reached XP level 7. HP: 34/62 MP: 7/7
  2090 | D:4      | Reached skill level 5 in Shields
  2316 | D:4      | Found Seczo's Antique Weapon Boutique.
  2439 | D:5      | Entered Level 5 of the Dungeon
  2668 | D:5      | Found Ofugg's Assorted Antiques.
  2683 | D:5      | Bought a scroll labeled FIQANA HATZEPH for 18 gold pieces
  2683 | D:5      | Bought a shimmering bronze ring for 90 gold pieces
  2683 | D:5      | Bought a scroll labeled YPROEDEUSE for 18 gold pieces
  2683 | D:5      | Bought a scroll labeled PUIDDY UDWI for 18 gold pieces
  2684 | D:5      | Identified the ring "Mithron" {rF+ rC+ Str+9 Int-4 Dex+2}
                  | (You bought it in a shop on level 5 of the Dungeon)
  2753 | D:5      | Reached skill level 1 in Stealth
  2760 | D:5      | Found an ornate altar of the Wu Jian Council.
  2978 | D:5      | Reached XP level 8. HP: 51/72 MP: 8/8
  3217 | D:6      | Found a glowing silver altar of Zin.
  3294 | D:6      | Found a staircase to the Ecumenical Temple.
  3447 | D:6      | Found an ancient bone altar of Kikubaaqudgha.
  3594 | D:6      | Found a shadowy altar of Dithmenos.
  3697 | Temple   | Entered the Ecumenical Temple
  3824 | Temple   | Became a worshipper of the Shining One
  4295 | D:7      | Noticed a hippogriff
  4326 | D:6      | Killed a hippogriff
  4341 | D:6      | Reached skill level 5 in Fighting
  4414 | D:7      | Gained mutation: You passively map the area around you.
                  | [Deep Dwarf growth]
  4414 | D:7      | Reached XP level 9. HP: 52/81 MP: 9/9
  4415 | D:7      | Noticed a purple ugly thing
  4427 | D:7      | Killed a purple ugly thing
  4572 | D:7      | Found Tuacium's Armour Emporium.
  4785 | D:8      | Reached * piety under the Shining One
  4787 | D:8      | Noticed Grum
  4815 | D:8      | Killed Grum
  4931 | D:8      | Noticed Maurice
  4953 | D:8      | Noticed Erica
  5019 | D:7      | Reached skill level 10 in Axes
  5025 | D:7      | Reached XP level 10. HP: 61/91 MP: 9/9
  5216 | D:8      | Killed Maurice
  5242 | D:8      | Killed Erica
  5416 | D:8      | Found a shimmering altar of Xom.
  6012 | D:9      | Noticed Pikel
  6030 | D:8      | Killed Pikel
  6059 | D:9      | Got a pair of translucent gloves
  6140 | D:9      | Noticed Prince Ribbit
  6149 | D:9      | Killed Prince Ribbit
  6213 | D:9      | Found a white marble altar of Elyvilon.
  6213 | D:9      | Found a sacrificial altar of Ru.
  6217 | D:9      | Fell from the grace of the Shining One
  6217 | D:9      | Became a worshipper of Elyvilon the Healer
  6271 | D:9      | Reached skill level 10 in Shields
  6405 | D:9      | Noticed a cyan ugly thing
  6419 | D:9      | Killed a cyan ugly thing
  6590 | D:9      | Found a staircase to the Orcish Mines.
  6603 | D:9      | Reached XP level 11. HP: 62/102 MP: 10/10
  6895 | D:9      | Reached * piety under Elyvilon
  6895 | D:9      | Noticed a two-headed ogre
  6905 | D:9      | Noticed a centaur warrior
  6981 | D:9      | Killed a two-headed ogre
  6998 | D:9      | Killed a centaur warrior
  7026 | D:9      | Identified the +1 pair of gloves of Kikubaaqudgha's Esteem
                  | {Int+5 SInv} (You found it on level 9 of the Dungeon)
  7054 | D:9      | Noticed a seven-headed hydra
  7076 | D:8      | Killed a two-headed hydra
  7099 | D:9      | Reached skill level 1 in Long Blades
  7163 | D:9      | Noticed a five-headed hydra
  7177 | D:9      | Killed a one-headed hydra
  7452 | D:10     | Entered Level 10 of the Dungeon
  7540 | D:10     | Found Kaeph's Antique Weapon Emporium.
  7706 | D:10     | Found a burning altar of Makhleb.
  7914 | D:10     | Reached ** piety under Elyvilon
  7918 | D:10     | Found a staircase to the Lair.
  8100 | Lair:1   | Entered Level 1 of the Lair of Beasts
  8145 | Lair:1   | Reached skill level 1 in Invocations
  8509 | Lair:1   | Reached XP level 12. HP: 52/114 MP: 10/12
  9060 | Lair:1   | Reached skill level 1 in Throwing
  9174 | Lair:1   | Noticed an eight-headed hydra
  9509 | Lair:2   | Noticed a seven-headed hydra
  9527 | Lair:1   | Killed a three-headed hydra
  9922 | Lair:2   | Noticed a five-headed hydra
  9931 | Lair:2   | Killed a one-headed hydra
  9940 | Lair:2   | Found a staircase to the Swamp.
 10458 | Swamp:1  | Entered Level 1 of the Swamp
 10555 | Lair:3   | Found a radiant altar of Vehumet.
 10780 | Lair:3   | Reached *** piety under Elyvilon
 10950 | Lair:3   | Found a staircase to the Snake Pit.
 11392 | Lair:4   | Noticed a five-headed hydra
 11404 | Lair:4   | Killed a one-headed hydra
 11404 | Lair:4   | Reached skill level 10 in Fighting
 11621 | Lair:4   | Reached **** piety under Elyvilon
 11864 | Lair:4   | Noticed a six-headed hydra
 11871 | Lair:4   | Killed a one-headed hydra
 12006 | Lair:4   | Reached XP level 13. HP: 92/123 MP: 15/15
 12818 | Lair:5   | HP: 5/124 [seven-headed hydra (2)]
 12818 | Lair:5   | Slain by a six-headed hydra

Illustrated notes

Levels and vault maps discovered:
D:1:      lightli_arrival_lavapool, layout_rooms, minmay_tall_x
D:2:      layout_rooms, kennysheep_generic_room_5, uniq_terence, uniq_jessica
D:3:      layout_rooms, kennysheep_slug_shrine
D:4:      layout_gridville, kennysheep_mini_moat, serial_shops, shop,
          first_ration, uniq_sigmund
D:5:      minmay_bubble_buster, layout_basic, nicolae_overflow_crystal_walls,
          serial_shops, shop
D:6:      layout_gridville, kiku_gazebo_garden_becter,
          nicolae_overflow_hidden_temple, overflow_temple_1_default,
          minmay_temple_entry_waves
D:7:      minmay_spotlight, layout_rooms, serial_shops,
          nicolae_shop_behind_doors
D:8:      layout_cave_pools, overflow_temple_1_default, uniq_grum, uniq_erica,
          uniq_maurice
D:9:      minmay_klotski, layout_irregular_city,
          gammafunk_temple_overflow_elements, serial_column_ruins,
          column_ruins_circle_medium, column_ruins_square_large,
          column_ruins_open_tiny, column_ruins_columns_corner,
          column_ruins_grid_4, column_ruins_columns_straight,
          column_ruins_columns_straight, minmay_quadrilaterals, uniq_pikel,
          uniq_prince_ribbit1
D:10:     layout_cave_pools, david_lair_generic, serial_shops,
          nicolae_shop_overgrown_old_shop, basic_altar
Temple:   eino_temple_water
Lair:1:   layout_chaotic_city, disabler_island, grunt_megastairs_3,
          minmay_lair_oklob_chamber, serial_bayou_shore_a
Lair:2:   layout_loops_ring, minmay_swamp_entry_reptiles, roderic_batcave,
          grunt_megastairs_5, serial_bayou_shore_b
Lair:3:   layout_regular_city, guppyfry_snake_entry_garden, basic_altar,
          grunt_megastairs_4, lemuel_fruit_tree, lemuel_fruit_fields
Lair:4:   layout_cave_shapes
Lair:5:   regret_index_harrowing_hell_hive, layout_regular_city,
          kennysheep_rathole, grunt_megastairs_2
Swamp:1:  layout_basic_swamp, evilmike_swamp_ruin_house_1

Skill      XL: |  1  2  3  4  5  6  7  8  9 10 11 12 13 |
---------------+----------------------------------------+-----
Fighting       | 3 4 5 6 7 9 10 | 10.4
Axes           | 3 4 5 6 8 10 11 12 13 | 13.8
Dodging        | 1 2 |  2.5
Shields        | 4 5 7 8 10 11 12 13 | 13.2
Armour         | 4 5 6 7 8 9 |  9.4
Stealth        | 1 |  1.6
Long Blades    | 1 2 |  2.7
Invocations    | 2 4 |  4.4
Throwing       | 1 |  1.4
Evocations     | |  0.6

Action                   |  1- 3 |  4- 6 |  7- 9 | 10-12 | 13-15 || total
-------------------------+-------+-------+-------+-------+-------++-------
Melee: War axe           |   136 |   189 |   388 |   858 |   176 ||  1747
       Scimitar          |       |       |       |    48 |     2 ||    50
Throw: Dart              |       |       |       |    21 |       ||    21
       Boomerang         |       |       |       |    29 |       ||    29
       Javelin           |       |       |       |     2 |       ||     2
Invok: Lesser Healing    |       |       |       |    98 |    10 ||   108
 Abil: Heal Wounds       |       |     4 |     7 |    10 |       ||    21
Evoke: Wand              |       |       |       |    12 |       ||    12
  Use: Scroll            |       |       |       |    15 |     2 ||    17
       Potion            |       |       |       |     5 |     4 ||     9
  Eat: Chunk             |       |     3 |     2 |    27 |     5 ||    37
       Ration            |       |     1 |     2 |     4 |       ||     7
Armor: Scale mail        |    73 |    35 |       |       |       ||   108
       Plate armour      |       |    40 |   164 |   327 |   123 ||   654
Dodge: Dodged            |    30 |    31 |    88 |   193 |    51 ||   393
Block: Kite shield       |    81 |    86 |   352 |   637 |       ||  1156
       Reflection        |       |       |     6 |    23 |     3 ||    32
       Tower shield      |       |       |       |   278 |   315 ||   593
       Rpst.: Scimitar   |       |       |       |     7 |     3 ||    10
